MWL (24 & UNDER)
WISCONSIN RAPIDS RANGERS @ BEMIDJI BENDERS
04/09/2026
 
TOP OF THE 1ST
Wisconsin Rapids Rangers batting - Pitching for Bemidji Benders : RHP Carl Henry
Pitching: RHP Carl Henry
Batting: RHB Troy Reed 0-0: Ball
1-0: Ball
2-0: Ball
3-0: Base on Balls
Batting: RHB Dick Slagboom 0-0: Called Strike
0-1: Called Strike
0-2: Ball
Troy Reed steals 2nd base
1-2: Ball
2-2: Ball
3-2: Fly out, F9 (Flyball, 9LMF)
Batting: LHB George Smith 0-0: Ball
1-0: Ball
2-0: Fly out, F8 (Flyball, 8RM)
Batting: SHB Ricardo Arévalo 0-0: Foul Ball, location: 2F
0-1: Ball
1-1: Foul Ball, location: 2F
1-2: Ball
2-2: Ground out 5-3 (Groundball, 5S)
Top of the 1st over - 0 run(s), 0 hit(s), 0 error(s), 1 left on base; Wisconsin Rapids 0 - Bemidji 0
BOTTOM OF THE 1ST
Bemidji Benders batting - Pitching for Wisconsin Rapids Rangers : RHP Jorge Flores
Pitching: RHP Jorge Flores
Batting: RHB Nick Harris 0-0: SOLO HOME RUN (Flyball, 7D), Distance : 356 ft
Batting: SHB Conan Hanson 0-0: Called Strike
0-1: Swinging Strike
0-2: Foul Ball, location: 2F
0-2: Ball
1-2: Strikes out swinging
Batting: SHB Dave Henley 0-0: Ball
1-0: Called Strike
1-1: Foul Ball, location: 2F
1-2: Foul Ball, location: 2F
1-2: SINGLE (Line Drive, 9LS)
Batting: RHB Ken McDonald 0-0: Ball
1-0: SINGLE (Flyball, 89S)
Dave Henley to second
Runner from 2nd tries for 3rd, SAFE, throw made to third
Now in RF: Ambrose Brown
Batting: LHB Todd Anderson 0-0: Called Strike
0-1: Ball
1-1: Foul Ball, location: 2F
1-2: Ball
2-2: SINGLE (Groundball, 6MD)
Dave Henley scores
Ken McDonald to second
Batting: RHB Bob Carr 0-0: Called Strike
0-1: Called Strike
0-2: Ball
1-2: Strikes out looking
Batting: RHB Aaron Washington 0-0: Called Strike
0-1: Ball
1-1: Called Strike
1-2: Ball
2-2: Ball
3-2: Base on Balls
Ken McDonald to third
Todd Anderson to second
Batting: LHB Jesús Raugel 0-0: Ball
1-0: Foul Ball, location: 2F
1-1: Hit by Pitch
Ken McDonald scores
Todd Anderson to third
Aaron Washington to second
Batting: RHB Taylor Justice 0-0: Ball
1-0: Ball
2-0: Called Strike
2-1: Foul Ball, location: 2F
2-2: Ground out 6-3 (Groundball, 6)
Bottom of the 1st over - 3 run(s), 4 hit(s), 0 error(s), 3 left on base; Wisconsin Rapids 0 - Bemidji 3
TOP OF THE 2ND
Wisconsin Rapids Rangers batting - Pitching for Bemidji Benders : RHP Carl Henry
Batting: LHB Luis Rodríguez 0-0: Ball
1-0: Ball
2-0: Foul Ball, location: 2F
2-1: Foul Ball, location: 2F
2-2: Ball
3-2: Foul Ball, location: 2F
3-2: SINGLE (Line Drive, 9S)
Batting: RHB Juan García 0-0: Ball
1-0: Called Strike
1-1: Grounds into double play, 5-4-3 (Groundball, 5)
Batting: RHB Robert Acosta 0-0: Called Strike
0-1: Ball
1-1: Foul Ball, location: 2F
1-2: Ball
2-2: Ground out 6-3 (Groundball, 6)
Top of the 2nd over - 0 run(s), 1 hit(s), 0 error(s), 0 left on base; Wisconsin Rapids 0 - Bemidji 3
BOTTOM OF THE 2ND
Bemidji Benders batting - Pitching for Wisconsin Rapids Rangers : RHP Jorge Flores
Batting: RHB Nick Harris 0-0: Ball
1-0: Ball
2-0: Ball
3-0: Called Strike
3-1: Base on Balls
Batting: SHB Conan Hanson 0-0: Foul Ball, location: 2F
0-1: Foul Ball, location: 2F
0-2: Ground out U3 (Groundball, 3S)
Nick Harris to second
Batting: SHB Dave Henley 0-0: Ball
1-0: Ball
2-0: Called Strike
2-1: Ball
3-1: Called Strike
3-2: Fly out, F7 (Popup, 78S)
Batting: RHB Ken McDonald 0-0: Ball
1-0: Called Strike
Error on foul ball, E9
1-2: Ball
2-2: Ball
3-2: Base on Balls
Batting: LHB Todd Anderson 0-0: SINGLE (Groundball, 15S) (infield hit)
Nick Harris to third
Ken McDonald to second
Batting: RHB Bob Carr 0-0: Foul Ball, location: 2F
0-1: Swinging Strike
0-2: SINGLE (Line Drive, 7S)
Nick Harris scores
Ken McDonald to third
Todd Anderson to second
Runner from 3rd tries for Home, SAFE, no throw or cutoff
Batting: RHB Aaron Washington 0-0: Ball
1-0: Ball
2-0: Ball
3-0: Base on Balls
Todd Anderson to third
Bob Carr to second
Batting: LHB Jesús Raugel 0-0: DOUBLE (Line Drive, 9LM)
Todd Anderson scores
Bob Carr scores
Aaron Washington to third
Batting: RHB Taylor Justice 0-0: Called Strike
0-1: Ball
1-1: Ground out 5-3 (Groundball, 5)
Bottom of the 2nd over - 4 run(s), 3 hit(s), 1 error(s), 2 left on base; Wisconsin Rapids 0 - Bemidji 7
TOP OF THE 3RD
Wisconsin Rapids Rangers batting - Pitching for Bemidji Benders : RHP Carl Henry
Batting: RHB Ambrose Brown 0-0: Ball
1-0: Ball
2-0: Called Strike
2-1: Foul Ball, location: 2F
2-2: Foul Ball, location: 2F
2-2: Fly out, F6 (Popup, 5D)
Batting: RHB Salvador Vázquez 0-0: Ball
1-0: Ball
2-0: Ball
3-0: Called Strike
3-1: Foul Ball, location: 2F
3-2: Foul Ball, location: 2F
3-2: Base on Balls
Batting: RHB Troy Reed 0-0: Called Strike
0-1: Ball
1-1: Ball
2-1: Foul Ball, location: 2F
2-2: Ball
3-2: Strikes out swinging
Salvador Vázquez steals 2nd base
Batter strikes out.
Batting: RHB Dick Slagboom 0-0: Called Strike
0-1: Ball
1-1: Swinging Strike
1-2: Strikes out swinging
Top of the 3rd over - 0 run(s), 0 hit(s), 0 error(s), 1 left on base; Wisconsin Rapids 0 - Bemidji 7
BOTTOM OF THE 3RD
Bemidji Benders batting - Pitching for Wisconsin Rapids Rangers : RHP Jorge Flores
Batting: RHB Nick Harris 0-0: Ball
1-0: Foul Ball, location: 2F
1-1: Foul Ball, location: 2F
1-2: Strikes out swinging
Batting: SHB Conan Hanson 0-0: Called Strike
0-1: Ball
1-1: SINGLE (Line Drive, 4MD)
Batting: SHB Dave Henley 0-0: Foul Ball, location: 2F
0-1: Fly out, F9 (Flyball, 9M)
Batting: RHB Ken McDonald 0-0: Ball
1-0: Foul Ball, location: 2F
1-1: Foul Ball, location: 2F
1-2: Ball
2-2: Ball
3-2: Base on Balls
Conan Hanson to second
Batting: LHB Todd Anderson 0-0: Ball
1-0: Ball
2-0: Ball
3-0: Called Strike
3-1: Base on Balls
Conan Hanson to third
Ken McDonald to second
Pitching: RHP Matt Sullivan
Batting: RHB Bob Carr 0-0: Ball
1-0: Ball
2-0: SINGLE (Groundball, 56)
Conan Hanson scores
Ken McDonald to third
Todd Anderson to second
Runner from 3rd tries for Home, SAFE, throw made at trailing runner, SAFE at third!
Batting: RHB Aaron Washington 0-0: Ball
1-0: Called Strike
1-1: Swinging Strike
1-2: Fly out, F9 (Line Drive, 9M)
Bottom of the 3rd over - 2 run(s), 2 hit(s), 0 error(s), 2 left on base; Wisconsin Rapids 0 - Bemidji 9
TOP OF THE 4TH
Wisconsin Rapids Rangers batting - Pitching for Bemidji Benders : RHP Carl Henry
Batting: LHB George Smith 0-0: Ball
1-0: Ground out 5-3 (Groundball, 5L)
Batting: SHB Ricardo Arévalo 0-0: Ball
1-0: Ball
2-0: Called Strike
2-1: Fly out, F7 (Flyball, 7M)
Batting: LHB Luis Rodríguez 0-0: Ball
1-0: Foul Ball, location: 2F
1-1: Foul Ball, location: 2F
1-2: Foul Ball, location: 2F
1-2: Ball
2-2: SINGLE (Line Drive, 7S)
Batting: RHB Juan García 0-0: Called Strike
0-1: Foul Ball, location: 2F
0-2: Ball
1-2: Strikes out swinging
Top of the 4th over - 0 run(s), 1 hit(s), 0 error(s), 1 left on base; Wisconsin Rapids 0 - Bemidji 9
BOTTOM OF THE 4TH
Bemidji Benders batting - Pitching for Wisconsin Rapids Rangers : RHP Matt Sullivan
Batting: LHB Jesús Raugel 0-0: Called Strike
0-1: Ball
1-1: Fly out, F5 (Popup, 5SF)
Batting: RHB Taylor Justice 0-0: Ball
1-0: Fly out, F8 (Flyball, 8LXD)
Batting: RHB Nick Harris 0-0: Ball
1-0: SINGLE (Line Drive, 9LS)
Batting: SHB Conan Hanson 0-0: Ball
1-0: Ball
2-0: SINGLE (Flyball, 8LS)
Nick Harris to second
Batting: SHB Dave Henley 0-0: Ball
1-0: Ball
2-0: Called Strike
2-1: Ball
Wild Pitch!
Nick Harris to third
Conan Hanson to second
3-1: Called Strike
3-2: Foul Ball, location: 2F
3-2: Strikes out looking
Bottom of the 4th over - 0 run(s), 2 hit(s), 0 error(s), 2 left on base; Wisconsin Rapids 0 - Bemidji 9
TOP OF THE 5TH
Wisconsin Rapids Rangers batting - Pitching for Bemidji Benders : RHP Carl Henry
Batting: RHB Robert Acosta 0-0: Swinging Strike
0-1: Ball
1-1: Ball
2-1: Ground out 1-3 (Groundball, 13S)
Batting: RHB Ambrose Brown 0-0: Swinging Strike
0-1: Swinging Strike
0-2: Foul Ball, location: 2F
0-2: Ground out 6-3 (Groundball, 6)
Batting: RHB Salvador Vázquez 0-0: Swinging Strike
0-1: Ball
1-1: Ball
2-1: Swinging Strike
2-2: Strikes out swinging
Top of the 5th over - 0 run(s), 0 hit(s), 0 error(s), 0 left on base; Wisconsin Rapids 0 - Bemidji 9
BOTTOM OF THE 5TH
Bemidji Benders batting - Pitching for Wisconsin Rapids Rangers : RHP Matt Sullivan
Batting: RHB Ken McDonald 0-0: Ball
1-0: Called Strike
1-1: Called Strike
1-2: Foul Ball, location: 2F
1-2: Ball
2-2: SINGLE (Line Drive, 78S)
Batting: LHB Todd Anderson 0-0: Fly out, F9 (Flyball, 89M)
Batting: RHB Bob Carr 0-0: Ball
1-0: Fly out, F7 (Flyball, 7S)
Batting: RHB Aaron Washington 0-0: Called Strike
0-1: Foul Ball, location: 2F
0-2: SINGLE (Groundball, 6D)
Ken McDonald to second
Batting: LHB Jesús Raugel 0-0: Called Strike
0-1: Swinging Strike
0-2: Ball
1-2: Ball
2-2: Foul Ball, location: 2F
2-2: Strikes out swinging
Bottom of the 5th over - 0 run(s), 2 hit(s), 0 error(s), 2 left on base; Wisconsin Rapids 0 - Bemidji 9
TOP OF THE 6TH
Wisconsin Rapids Rangers batting - Pitching for Bemidji Benders : RHP Carl Henry
Pitching: RHP Jesús Guerrero
Batting: RHB Troy Reed 0-0: Ball
1-0: SINGLE (Line Drive, 89M)
Batting: RHB Dick Slagboom 0-0: Called Strike
0-1: Ball
1-1: Ball
2-1: Ball
3-1: Called Strike
3-2: Foul Ball, location: 2F
3-2: Base on Balls
Troy Reed to second
Batting: LHB George Smith 0-0: Called Strike
0-1: Called Strike
0-2: Foul Ball, location: 2F
0-2: Ball
1-2: Foul Ball, location: 2F
1-2: Ball
2-2: Ball
3-2: Strikes out swinging
Batting: SHB Ricardo Arévalo 0-0: Foul Ball, location: 2F
0-1: Called Strike
0-2: Ball
1-2: Ball
2-2: Ball
3-2: Foul Ball, location: 2F
3-2: SINGLE (Groundball, 3D)
Troy Reed to third
Dick Slagboom to second
Runner from 3rd tries for Home, SAFE, no throw or cutoff
Batting: LHB Luis Rodríguez 0-0: Called Strike
0-1: Foul Ball, location: 2F
0-2: Strikes out looking
Batting: RHB Juan García 0-0: 3-RUN HOME RUN (Flyball, 78XD), Distance : 375 ft
Pitching: LHP Carlos Corona
Batting: RHB Robert Acosta 0-0: Swinging Strike
0-1: Foul Ball, location: 2F
0-2: Ball
1-2: Strikes out looking
Top of the 6th over - 4 run(s), 3 hit(s), 0 error(s), 0 left on base; Wisconsin Rapids 4 - Bemidji 9
BOTTOM OF THE 6TH
Bemidji Benders batting - Pitching for Wisconsin Rapids Rangers : RHP Matt Sullivan
Batting: RHB Taylor Justice 0-0: Swinging Strike
0-1: Ball
1-1: Fly out, F8 (Flyball, 8LD)
Batting: RHB Nick Harris 0-0: Foul Ball, location: 2F
0-1: Called Strike
0-2: Ball
1-2: Ball
2-2: Ball
3-2: Foul Ball, location: 2F
3-2: Base on Balls
Batting: SHB Conan Hanson 0-0: Ball
1-0: Called Strike
Throwing error on steal attempt, E2
Nick Harris to third
1-1: Swinging Strike
1-2: Foul Ball, location: 2F
1-2: Ball
2-2: Foul Ball, location: 2F
2-2: Ground out 4-3 (Groundball, 4M)
Nick Harris scores
Batting: SHB Dave Henley 0-0: Ball
1-0: Called Strike
1-1: Swinging Strike
1-2: Ball
2-2: Ball
3-2: SINGLE (Line Drive, 56D)
Batting: RHB Ken McDonald 0-0: Called Strike
0-1: Fly out, F8 (Line Drive, 8LS)
Bottom of the 6th over - 1 run(s), 1 hit(s), 1 error(s), 1 left on base; Wisconsin Rapids 4 - Bemidji 10
TOP OF THE 7TH
Wisconsin Rapids Rangers batting - Pitching for Bemidji Benders : LHP Carlos Corona
Batting: RHB Ambrose Brown 0-0: Ball
1-0: Called Strike
1-1: Foul Ball, location: 2F
1-2: Fly out, F9 (Line Drive, 9M)
Batting: RHB Salvador Vázquez 0-0: Foul Ball, location: 2F
0-1: Ball
1-1: Ground out 4-3 (Groundball, 34)
Batting: RHB Troy Reed 0-0: Ball
1-0: Ball
2-0: Ball
3-0: Called Strike
3-1: Base on Balls
Batting: RHB Dick Slagboom 0-0: Called Strike
Troy Reed steals 2nd base
0-1: Ball
1-1: Swinging Strike
1-2: Foul Ball, location: 2F
1-2: Ball
2-2: Ball
3-2: Base on Balls
Batting: LHB George Smith 0-0: Ball
1-0: Ball
2-0: Foul Ball, location: 2F
2-1: Swinging Strike
2-2: Ground out 4-3 (Groundball, 4)
Top of the 7th over - 0 run(s), 0 hit(s), 0 error(s), 2 left on base; Wisconsin Rapids 4 - Bemidji 10
BOTTOM OF THE 7TH
Bemidji Benders batting - Pitching for Wisconsin Rapids Rangers : RHP Matt Sullivan
Batting: LHB Todd Anderson 0-0: Ball
1-0: Foul Ball, location: 2F
1-1: Ball
2-1: Ball
3-1: Base on Balls
Batting: RHB Bob Carr 0-0: Sac Bunt - play at first, batter OUT! 1-3
Todd Anderson to second
Batting: RHB Aaron Washington 0-0: Swinging Strike
0-1: Ball
1-1: Swinging Strike
1-2: Foul Ball, location: 2F
1-2: Hit by Pitch
Batting: LHB Jesús Raugel 0-0: Ball
1-0: Ball
2-0: Ball
3-0: Base on Balls
Todd Anderson to third
Aaron Washington to second
Batting: RHB Taylor Justice 0-0: Foul Ball, location: 2F
0-1: Ball
1-1: Ball
2-1: DOUBLE (Line Drive, 89M)
Todd Anderson scores
Aaron Washington scores
Jesús Raugel to third
Runner from 3rd tries for Home, SAFE, no throw or cutoff
Pitching: RHP Jesús Martínez
Batting: RHB Nick Harris 0-0: Ball
1-0: Ball
2-0: Ball
3-0: Base on Balls
Batting: SHB Conan Hanson 0-0: Ball
1-0: Foul Ball, location: 2F
1-1: SINGLE (Groundball, 56D) (infield hit)
Taylor Justice to third
Nick Harris to second
Batting: SHB Dave Henley 0-0: Fly out, F9 (Flyball, 89S)
Batting: RHB Ken McDonald 0-0: Swinging Strike
0-1: Ball
1-1: Ball
2-1: Fly out, F8 (Line Drive, 8RM)
Bottom of the 7th over - 3 run(s), 2 hit(s), 0 error(s), 3 left on base; Wisconsin Rapids 4 - Bemidji 13
TOP OF THE 8TH
Wisconsin Rapids Rangers batting - Pitching for Bemidji Benders : LHP Carlos Corona
Now at 1B: Bruce Foster
Pinch Hitting: RHB Andrés Bustamante 0-0: Ball
1-0: Ball
2-0: Foul Ball, location: 2F
2-1: Foul Ball, location: 2F
2-2: Fly out, F7 (Flyball, 7LS)
Batting: LHB Luis Rodríguez 0-0: Called Strike
0-1: Ball
1-1: Swinging Strike
1-2: Strikes out looking
Batting: RHB Juan García 0-0: Reached on error, E5 (Groundball, 56)
Batting: RHB Robert Acosta 0-0: Ball
1-0: Ball
2-0: Called Strike
2-1: Ball
3-1: Fly out, F6 (Popup, 6MD)
Top of the 8th over - 0 run(s), 0 hit(s), 1 error(s), 1 left on base; Wisconsin Rapids 4 - Bemidji 13
BOTTOM OF THE 8TH
Bemidji Benders batting - Pitching for Wisconsin Rapids Rangers : RHP Jesús Martínez
Now at 2B: Luis Garza
Batting: LHB Todd Anderson 0-0: Ball
1-0: Called Strike
1-1: SINGLE (Groundball, 3D)
Batting: RHB Bob Carr 0-0: Bunted foul
0-1: Ball
Todd Anderson is caught stealing 2nd base
1-1: Ball
2-1: Swinging Strike
2-2: Foul Ball, location: 2F
2-2: Ball
3-2: Foul Ball, location: 2F
3-2: Foul Ball, location: 2F
3-2: Base on Balls
Batting: RHB Aaron Washington 0-0: Ball
1-0: Swinging Strike
1-1: Ball
2-1: Ball
3-1: Foul Ball, location: 2F
3-2: Base on Balls
Bob Carr to second
Batting: LHB Jesús Raugel 0-0: Ball
1-0: Ball
2-0: Swinging Strike
2-1: Foul Ball, location: 2F
2-2: Strikes out swinging
Batting: RHB Taylor Justice 0-0: Ball
1-0: Called Strike
1-1: DOUBLE (Line Drive, 78D)
Bob Carr scores
Aaron Washington to third
Runner from 3rd tries for Home, SAFE, no throw or cutoff
Batting: RHB Nick Harris 0-0: Ball
1-0: Ball
2-0: Called Strike
2-1: Ball
3-1: Base on Balls
Batting: SHB Conan Hanson 0-0: Ball
1-0: Ball
2-0: Foul Ball, location: 2F
2-1: Ball
3-1: SINGLE (Line Drive, 56D)
Taylor Justice to third
Nick Harris to second
Runner from 3rd tries for Home, SAFE, throw made home
Nick Harris to third
Conan Hanson to second
Pitching: LHP Luis Cota
Batting: SHB Dave Henley 0-0: Ball
1-0: Fly out, F5 (Popup, 5F)
Bottom of the 8th over - 3 run(s), 3 hit(s), 0 error(s), 2 left on base; Wisconsin Rapids 4 - Bemidji 16
TOP OF THE 9TH
Wisconsin Rapids Rangers batting - Pitching for Bemidji Benders : LHP Carlos Corona
Now in RF: Simăo Polido
Batting: RHB Ambrose Brown 0-0: Ball
1-0: Ground out 6-3 (Groundball, 6)
Batting: RHB Salvador Vázquez 0-0: Swinging Strike
0-1: Swinging Strike
0-2: Ball
1-2: Ball
2-2: Ball
3-2: Strikes out swinging
Batting: RHB Troy Reed 0-0: Ball
1-0: Foul Ball, location: 2F
1-1: Ball
2-1: Ground out 5-3 (Groundball, 5S)
Top of the 9th over - 0 run(s), 0 hit(s), 0 error(s), 0 left on base; Wisconsin Rapids 4 - Bemidji 16
Monday, December 5th, 2016 - OOTP Baseball 17.12 Build 75